 Dungeon Crawl Stone Soup version 0.29.1-12-g30fa7ad0bf (webtiles) character file.

Game seed: 10148633673860674016

85 FexLirch the Shield-Bearer (level 4, 0/37 HPs)
             Began as a Formicid Fighter on Jan 11, 2023.
             Was a Follower of Makhleb.
             Slain by a centaur (2 damage)
             ... on level 5 of the Dungeon.
             The game lasted 00:01:39 (1526 turns).

FexLirch the Shield-Bearer (Formicid Fighter)       Turns: 1526, Time: 00:01:39

Health: 0/37       AC:  6    Str: 22    XL:     4   Next: 75%
Magic:  0/4        EV:  9    Int:  8    God:    Makhleb [*.....]
Gold:   73         SH:  5    Dex: 13    Spells: 3/3 levels left

rFire   . . .      SeeInvis +   a - +0 war axe
rCold   . . .      Faith    .   c - +0 buckler
rNeg    . . .      Spirit   +   b - +0 scale mail
rPois   .          Reflect  .   (helmet unavailable)
rElec   .          Harm     .   (no cloak)
rCorr   .          Rampage  .   (no gloves)
Will    .....                   (no boots)
Stlth   ..........              e - amulet of guardian spirit
HPRegen 0.12/turn               (no ring)
MPRegen 0.09/turn               (no ring)

@: no status effects
A: permanent stasis, dig shafts and tunnels, antennae 3, four strong arms
a: Dig, Shaft Self, Renounce Religion


You were on level 5 of the Dungeon.
You worshipped Makhleb.
Makhleb was aware of your devotion.
You visited 1 branch of the dungeon, and saw 4 of its levels.

You collected 73 gold pieces.

Inventory:

Hand Weapons
 a - a +0 war axe (weapon)
Armour
 b - a +0 scale mail (worn)
 c - a +0 buckler (worn)
Magical Staves
 i - a staff of air
Jewellery
 e - an amulet of guardian spirit (around neck)
 l - an amulet of magic regeneration
Scrolls
 f - a scroll of blinking {unknown}
 g - 2 scrolls of teleportation {unknown}
 j - a scroll of identify {unknown}
Potions
 d - a potion of might
 h - a potion of haste {unknown}
 k - a potion of lignification {unknown}


   Skills:
 + Level 4.0 Fighting
 * Level 3.5 Axes
 - Level 3.2 Armour
 + Level 4.8 Shields


You had 3 spell levels left.
You didn't know any spells.
Your spell library contained the following spells:

 Spells                   Type           Power      Damage    Failure   Level
 Foxfire                  Conj/Fire      0%         2x1d4     80%         1
 Static Discharge         Conj/Air       0%         3-3/arc   91%         2
 Sublimation of Blood     Necr           0%         N/A       91%         2
 Conjure Flame            Conj/Fire      0%         6-21      99%         3
 Frozen Ramparts          Ice            0%         1d1       99%         3
 Inner Flame              Hex/Fire       0%         N/A       99%         3
 Ozocubu's Armour         Ice            0%         N/A       99%         3
 Dispel Undead            Necr           0%         3d6       100%        4
 Flame Wave               Conj/Fire      0%         2d4       100%        4
 Sticky Flame             Conj/Fire      0%         2d3       100%        4
 Polar Vortex             Ice            0%         N/A       100%        9


Dungeon Overview and Level Annotations

Branches:
Dungeon (5/15)
 Temple: D:4-7

Altars:
Makhleb

Annotations:
D:4 Blork the orc


Innate Abilities, Weirdness & Mutations

You cannot be hasted, slowed, berserked, paralysed or teleported.
You can dig through walls and to a lower floor.
You have a pair of large antennae on your head. (SInv)
Your four strong arms can wield two-handed weapons with a shield.


Message History

The centaur kicks you but does no damage.
You barely miss the centaur.
The centaur is severely wounded.
The centaur hits you. The centaur kicks you.
* * * LOW HITPOINT WARNING * * *
The centaur barely misses you. x2
You hit the centaur but do no damage.
The centaur is severely wounded.
You block the centaur's attack. x2; The centaur hits you.
* * * LOW HITPOINT WARNING * * *
The centaur kicks you.
* * * LOW HITPOINT WARNING * * *
You closely miss the centaur.
The centaur is heavily wounded.
The centaur hits you but does no damage.
The centaur closely misses you.
The centaur hits you but does no damage.
The centaur closely misses you.
Okay, then.
Unknown command.
Unknown command.
Unknown command.
You closely miss the centaur.
The centaur is heavily wounded.
The centaur hits you but does no damage.
The centaur kicks you but does no damage.
The centaur hits you.
* * * LOW HITPOINT WARNING * * *
The centaur completely misses you.
You barely miss the centaur.
The centaur is heavily wounded.
You block the centaur's attack.
The centaur kicks you but does no damage.
The centaur hits you.
* * * LOW HITPOINT WARNING * * *
The centaur barely misses you.
You hit the centaur but do no damage.
The centaur is heavily wounded.
The centaur hits you.
You die...

.>. #.# #.#
####.# ##..... #
#....$##.####
#...(.c......
#...#@###?#
#...<.....#
##.......##
.............
#..#..8..#...#..
#. ##.[.##..## .
. ##### ...#
...+ #+


You could see a centaur.

Vanquished Creatures
  A jelly (D:4)
  2 adders (D:2)
  2 endoplasms (D:1)
  2 goblins (D:1)
  2 hobgoblins
  2 kobolds (D:1)
  2 quokkas (D:1)
  7 ball pythons
  2 bats
  15 frilled lizards (D:1)
  5 rats
42 creatures vanquished.

Vanquished Creatures (others)
  4 plants (D:1)
4 creatures vanquished.

Grand Total: 46 creatures vanquished

Notes
Turn   | Place    | Note
-------+----------+-------------------------------------------
     0 | D:1      | FexLirch the Formicid Fighter began the quest for the Orb.
     0 | D:1      | Reached XP level 1. HP: 18/18 MP: 1/1
    74 | D:1      | Reached XP level 2. HP: 24/24 MP: 2/2
   133 | D:1      | Got the Parchment of Mortuary Hypothermia
   265 | D:1      | Reached XP level 3. HP: 29/29 MP: 3/3
   615 | D:1      | Found a faded altar of an unknown god.
   859 | D:1      | Prayed at the altar of an unknown god.
   859 | D:1      | Became a worshipper of Makhleb the Destroyer
   859 | D:1      | Reached * piety under Makhleb
  1150 | D:2      | Reached XP level 4. HP: 34/37 MP: 4/4
  1285 | D:2      | You fall into a shaft and drop 2 floors!
  1508 | D:4      | Noticed Blork the orc
  1514 | D:5      | Entered Level 5 of the Dungeon
  1514 | D:5      | Noticed a centaur
  1526 | D:5      | Slain by a centaur

Illustrated notes

Levels and vault maps discovered:
D:1:      erik_arrival_orb_chamber, layout_basic,
          dilly_ecumenical_altar_fadedgnrine, minmay_misc_feat_rows,
          kennysheep_nondescript, minmay_lizard_king
D:2:      layout_basic, uniq_robin
D:4:      layout_rooms, minmay_temple_entry_offerings, kennysheep_doodads,
          uniq_blork_the_orc, uniq_natasha
D:5:      layout_basic, gup_sewer_entry_bubbles, dreamdust_princess_bridge,
          mrwooster_statue_mirror, minmay_mini_ossuary

Skill      XL: |  1  2  3  4 |
---------------+-------------+-----
Axes           | 3 |  3.5
Fighting       | 4 |  4.0
Armour         | |  3.2
Shields        | |  4.8

Action                   |  1- 3 |  4- 6 || total
-------------------------+-------+-------++-------
Melee: War axe           |    78 |    21 ||    99
Armor: Scale mail        |    48 |    15 ||    63
Dodge: Dodged            |    36 |    17 ||    53
Block: Buckler           |    17 |     7 ||    24
